[Event "ICC tourney 1944 (30 5)"]
[Site "Internet Chess Club"]
[Date "2020.08.01"]
[Round "1"]
[White "BunnyGambit"]
[Black "FlowingMelody"]
[Result "0-1"]
[ICCResult "White resigns"]
[WhiteElo "1232"]
[BlackElo "1300"]
[Opening "Catalan: closed, 6...Nbd7"]
[ECO "E07"]
[NIC "QP.08"]
[Time "12:10:22"]
[TimeControl "1800+5"]

1. d4 d5 2. Nf3 e6 3. g3 Be7 4. Bg2 Nf6 5. O-O O-O 6. c4 Nbd7 7. cxd5 Nxd5
8. Nc3 Nxc3 9. bxc3 c5 10. Bb2 Qc7 11. Rc1 c4 12. e4 Nf6 13. Re1 Rd8 14. e5
Nd5 15. Nd2 b6 16. Ne4 Bb7 17. Rb1 a5 18. Qa4 Qc6 19. Qd1 b5 20. Qc1 b4 21.
Bf1 Rdc8 22. Qc2 Nxc3 23. Bxc3 bxc3 24. Bg2 Qc7 25. Nf6+ gxf6 26. Bxb7 Rcb8
27. Bxa8 Rxa8 28. exf6 Bxf6 29. Qxc3 Rd8 30. Red1 Qa7 31. Qxc4 Bxd4 32. Rd2
e5 33. Kf1 Re8 34. Re1 Rb8 35. Qe2 Qa8 36. Qg4+ Kh8 37. Kg1 Bc3 38. Qf5 Bxd2
39. Qxe5+ Kg8 40. Re4 Rb1+ 41. Kg2 Re1 42. f3 Rxe4 43. Qxe4 Qxe4 44. fxe4
Kg7 45. Kf3 Kf6 46. Ke2 Bb4 47. Kd3 Ke5 48. Ke3 f5 49. exf5 Kxf5 50. h3 h5
51. g4+ hxg4 52. hxg4+ Kxg4 53. Kd3 Kf3 54. Kc2 Ke2 55. Kb3 Kd1 56. Ka4 Kc2
57. a3 Bc3 58. Kb5 Kb3 {White resigns} 0-1

[Event "ICC tourney 1944 (30 5)"]
[Site "Internet Chess Club"]
[Date "2020.08.01"]
[Round "1"]
[White "doudou2011"]
[Black "JadeTooth"]
[Result "1-0"]
[ICCResult "Black checkmated"]
[WhiteElo "1525"]
[BlackElo "1232"]
[Opening "Queen's pawn game"]
[ECO "D02"]
[NIC "QP.08"]
[Time "12:10:27"]
[TimeControl "1800+5"]

1. d4 d5 2. Nf3 Bf5 3. g3 Nf6 4. Bg2 Nc6 5. O-O h6 6. c4 e6 7. Nc3 Be7 8. a3
dxc4 9. Qa4 O-O 10. Qxc4 Ne4 11. Nxe4 Bxe4 12. Rd1 Bd5 13. Qc2 Bf6 14. e4
Nxd4 15. Nxd4 Bxd4 16. Rxd4 Bb3 17. Qd3 Qf6 18. Be3 e5 19. Rb4 Be6 20. Rxb7
Rfd8 21. Qb5 a6 22. Qb4 a5 23. Qc3 c6 24. Qxc6 Rac8 25. Qb6 Qg6 26. Qxa5 Qh5
27. f3 Bc4 28. Rc7 Be2 29. Rxc8 Rxc8 30. g4 Qh4 31. Qxe5 Rd8 32. Qg3 Qxg3
33. hxg3 Rc8 34. Rc1 Rb8 35. Bd4 Bc4 36. Rxc4 Rb3 37. Rb4 Rd3 38. Kh2 Rd1
39. Rb8+ Kh7 40. b4 Rxd4 41. b5 Rd7 42. a4 g5 43. b6 f6 44. a5 h5 45. b7
hxg4 46. Rh8+ Kg6 47. b8=Q gxf3 48. Qg8+ Rg7 49. Qe8+ Rf7 50. Rg8+ Kh5 51.
Bxf3+ g4 52. Qxf7+ Kh6 53. Qg6# {Black checkmated} 1-0

[Event "ICC tourney 1944 (30 5)"]
[Site "Internet Chess Club"]
[Date "2020.08.01"]
[Round "2"]
[White "QueenHM"]
[Black "stgummadi"]
[Result "1-0"]
[ICCResult "Black resigns"]
[WhiteElo "1334"]
[BlackElo "1452"]
[Opening "Sicilian: Smith-Morra gambit"]
[ECO "B21"]
[NIC "SI.48"]
[Time "13:32:52"]
[TimeControl "1800+5"]

1. e4 c5 2. d4 cxd4 3. c3 dxc3 4. Nxc3 Nc6 5. Bc4 d6 6. Nf3 Nf6 7. e5 Nxe5
8. Nxe5 dxe5 9. Bxf7+ Kxf7 10. Qxd8 Nd7 11. Qa5 b6 12. Qd5+ e6 13. Qxa8 Nc5
14. Qxc8 Nd3+ 15. Ke2 Nf4+ 16. Bxf4 exf4 17. Rhd1 Kg6 18. Qxe6+ Kh5 19. Rd5+
g5 20. Ne4 Bh6 21. f3 Rg8 22. Qg4+ Kg6 23. Rd6+ Kf7 24. Qe6+ Kf8 25. Qxh6+
Ke8 26. Rad1 Rg6 27. Rxg6 hxg6 28. Qxg6+ Ke7 {Black resigns} 1-0

[Event "ICC tourney 1944 (30 5)"]
[Site "Internet Chess Club"]
[Date "2020.08.01"]
[Round "2"]
[White "ChunkyApple"]
[Black "Queen4aKing"]
[Result "1/2-1/2"]
[ICCResult "Game drawn by mutual agreement"]
[WhiteElo "1251"]
[BlackElo "1180"]
[Opening "Petrov: Cozio (Lasker) attack"]
[ECO "C42"]
[NIC "RG.03"]
[Time "13:32:04"]
[TimeControl "1800+5"]

1. e4 e5 2. Nf3 Nf6 3. Nxe5 d6 4. Nf3 Nxe4 5. Qe2 Qe7 6. d3 Nf6 7. Bg5 Nc6
8. Nc3 Bg4 9. Bxf6 gxf6 10. Qxe7+ Bxe7 11. Nd5 O-O-O 12. Nxe7+ Nxe7 13.
O-O-O Nc6 14. Be2 Bf5 15. Nh4 Bg6 16. Bg4+ Kb8 17. Nf5 Rhg8 18. g3 d5 19.
Rhe1 a6 20. Ne7 Nxe7 21. Rxe7 Rge8 22. Rxe8 Rxe8 23. f4 f5 24. Bf3 c6 25.
Kd2 f6 26. Re1 Rxe1 27. Kxe1 Kc7 28. Ke2 Kd6 29. Ke3 b6 30. d4 a5 31. a4 h6
32. b3 Bf7 33. c3 c5 34. Kd3 cxd4 35. Kxd4 Be6 36. b4 Bd7 37. b5 Be6 38. Be2
Bf7 39. c4 dxc4 40. Bxc4 Bxc4 41. Kxc4 h5 42. Kd4 Ke6 43. Kc4 Kd6
{Game drawn by mutual agreement}
1/2-1/2

[Event "ICC tourney 1944 (30 5)"]
[Site "Internet Chess Club"]
[Date "2020.08.01"]
[Round "2"]
[White "Saragupta"]
[Black "Luc2008"]
[Result "0-1"]
[ICCResult "White checkmated"]
[WhiteElo "1515"]
[BlackElo "1600"]
[Opening "Sicilian: closed"]
[ECO "B23"]
[NIC "SI.44"]
[Time "13:32:11"]
[TimeControl "1800+5"]

1. e4 c5 2. Nc3 a6 3. a4 d6 4. f4 Nc6 5. Nf3 g6 6. Bc4 Bg7 7. d3 Nf6 8. O-O
O-O 9. Qe1 Bg4 10. h3 Bxf3 11. Rxf3 Nd4 12. Rf2 Qa5 13. Be3 e6 14. g4 Qb4
15. Ra2 b5 16. axb5 axb5 17. Rxa8 Rxa8 18. Bb3 Nxb3 19. cxb3 Qxb3 20. e5 Nd5
21. Ne4 Qxd3 22. Bd2 dxe5 23. fxe5 Bxe5 24. Nxc5 Qd4 25. Bc3 Nxc3 26. Nb3
Qd1 27. Rf1 Ne2+ 28. Kg2 Qd5+ 29. Rf3 Nf4+ 30. Kf2 Rc8 31. Nd2 Nd3+ 32. Rxd3
Qxd3 33. Qxe5 Qxd2+ 34. Kg1 Rc1+ 35. Qe1 Rxe1# {White checkmated} 0-1

[Event "ICC tourney 1944 (30 5)"]
[Site "Internet Chess Club"]
[Date "2020.08.01"]
[Round "2"]
[White "Oliver0731"]
[Black "AbruptFir"]
[Result "1-0"]
[ICCResult "Black checkmated"]
[WhiteElo "1385"]
[BlackElo "1288"]
[Opening "Sicilian: Nimzovich-Rubinstein variation"]
[ECO "B29"]
[NIC "SI.43"]
[Time "13:32:52"]
[TimeControl "1800+5"]

1. e4 c5 2. Nf3 Nf6 3. e5 Nd5 4. Bc4 Nb6 5. d3 e6 6. Bf4 Nc6 7. Nc3 Be7 8.
Ne4 O-O 9. h4 Nxc4 10. dxc4 b6 11. h5 Bb7 12. h6 g6 13. Nd6 Ba6 14. c3 g5
15. Be3 f6 16. exf6 Bxf6 17. Qd2 g4 18. Nh2 Be5 19. Nxg4 Bxd6 20. Qxd6 Bxc4
21. Qg3 Kh8 22. O-O-O Bxa2 23. Rdf1 Bc4 24. Re1 a5 25. Rh3 a4 26. Ne5 Qe7
27. Nxc4 Rg8 28. Qd6 Qxd6 29. Nxd6 Rxg2 30. Rg3 Rh2 31. Nf7# {Black
checkmated} 1-0

[Event "ICC tourney 1944 (30 5)"]
[Site "Internet Chess Club"]
[Date "2020.08.01"]
[Round "2"]
[White "jvihaan"]
[Black "che8642"]
[Result "1-0"]
[ICCResult "Black checkmated"]
[WhiteElo "1308"]
[BlackElo "1378"]
[Opening "Sicilian"]
[ECO "B56"]
[NIC "SI.25"]
[Time "13:32:26"]
[TimeControl "1800+5"]

1. e4 c5 2. Nf3 d6 3. d4 cxd4 4. Nxd4 Nf6 5. Nc3 Nc6 6. Bb5 Bd7 7. Be3 e6 8.
O-O Be7 9. f4 O-O 10. Qd2 Qc7 11. Be2 e5 12. Ndb5 Qb8 13. f5 a6 14. Na3 b5
15. Nd5 Bd8 16. Nxf6+ Bxf6 17. g4 Bd8 18. g5 Ba5 19. c3 Bb6 20. f6 g6 21.
Kh1 Be6 22. Bxb6 Qxb6 23. Bf3 Rfd8 24. Qe1 d5 25. Qh4 Kh8 26. Qh6 Rg8 27.
exd5 Bd7 28. dxc6 Bxc6 29. Rad1 Qb7 30. Bxc6 Qxc6+ 31. Kg1 Qc5+ 32. Rf2 e4
33. Rd4 e3 34. Qxh7+ Kxh7 35. Rh4# {Black checkmated} 1-0

[Event "ICC tourney 1944 (30 5)"]
[Site "Internet Chess Club"]
[Date "2020.08.01"]
[Round "2"]
[White "tortorchess"]
[Black "RachanaB"]
[Result "0-1"]
[ICCResult "White resigns"]
[WhiteElo "1323"]
[BlackElo "1328"]
[Opening "Queen's pawn game"]
[ECO "A45"]
[NIC "QP.07"]
[Time "13:32:07"]
[TimeControl "1800+5"]

1. d4 Nf6 2. Nc3 g6 3. Bf4 Bg7 4. e4 d6 5. Nf3 O-O 6. Bd3 Ne8 7. O-O Nc6 8.
Be3 e5 9. d5 Ne7 10. h3 f5 11. exf5 gxf5 12. Be2 f4 13. Bd2 Nf6 14. Bc4 Kh8
15. Ng5 Bh6 16. Nge4 Ng6 17. Bd3 Rg8 18. Nxf6 Qxf6 19. Ne4 Qg7 20. Kh2 Nh4
21. g3 fxg3+ 22. fxg3 Nf5 23. g4 Ne3 24. Bxe3 Bxe3 25. Qf3 Bf4+ 26. Kh1 Qh6
27. Rg1 Bd7 28. g5 Bxg5 29. Nxg5 Raf8 30. Qg3 Rxg5 31. Qh2 Rh5 32. Rg3 Bxh3
33. Kg1 Bf1 34. Qxh5 Qxh5 35. Rxf1 Rxf1+ 36. Kxf1 Qh1+ 37. Rg1 Qxd5 38. b3
e4 39. Bc4 Qd1+ 40. Kf2 Qf3+ 41. Ke1 h5 42. Be2 Qe3 43. Rh1 Qg3+ 44. Kf1 h4
45. Rg1 Qf4+ 46. Ke1 h3 47. Rh1 h2 48. Bf1 Qg3+ 49. Ke2 Qf3+ {White resigns}
0-1

[Event "ICC tourney 1944 (30 5)"]
[Site "Internet Chess Club"]
[Date "2020.08.01"]
[Round "2"]
[White "yogokings12"]
[Black "chessisfunsp"]
[Result "0-1"]
[ICCResult "White resigns"]
[WhiteElo "1521"]
[BlackElo "1685"]
[Opening "KGD: classical, Marshall attack"]
[ECO "C30"]
[NIC "KG.05"]
[Time "13:32:06"]
[TimeControl "1800+5"]

1. e4 e5 2. f4 Bc5 3. Nf3 d6 4. c3 Bg4 5. fxe5 dxe5 6. Qa4+ Bd7 7. Qc2 Nc6
8. b4 Bd6 9. Bc4 Nf6 10. O-O O-O 11. d3 b5 12. Bb3 a5 13. bxa5 Nxa5 14. Kh1
Nxb3 15. Qxb3 c5 16. Bg5 h6 17. Bh4 g5 18. Bg3 Bc6 19. Nbd2 Re8 20. Qc2 Ng4
21. Rfe1 Ra4 22. h3 Nf6 23. c4 b4 24. Nb3 Nh5 25. Bh2 Ra3 26. Qb2 Qe7 27.
Re2 Bc7 28. g4 Nf4 29. Bxf4 exf4 30. Rae1 Rea8 31. Qb1 Bb6 32. Kg2 Rd8 33.
Rd1 f6 34. Kf2 h5 35. Qb2 hxg4 36. hxg4 Qe6 37. Nh2 Kf7 38. e5 Rda8 39. Nc1
Rh8 40. Kg1 Rxh2 41. Kxh2 Qxg4 {White resigns} 0-1

[Event "ICC tourney 1944 (30 5)"]
[Site "Internet Chess Club"]
[Date "2020.08.01"]
[Round "2"]
[White "MonkeyTown"]
[Black "soggydollar"]
[Result "0-1"]
[ICCResult "White resigns"]
[WhiteElo "1404"]
[BlackElo "1443"]
[Opening "King's Indian: East Indian defense"]
[ECO "A48"]
[NIC "QP.06"]
[Time "13:32:18"]
[TimeControl "1800+5"]

1. d4 Nf6 2. Nf3 g6 3. e3 Bg7 4. c4 d6 5. Nc3 O-O 6. Be2 c5 7. O-O b6 8. Re1
Bb7 9. d5 e6 10. Qb3 a5 11. Rd1 exd5 12. cxd5 Na6 13. a3 Nc7 14. Bc4 Rb8 15.
e4 Re8 16. Re1 Qd7 17. Bg5 Ba8 18. e5 dxe5 19. Nxe5 Qf5 20. Nf3 Nfxd5 21.
Rxe8+ Rxe8 22. Nxd5 Nxd5 23. Bd3 Qd7 24. Bb5 Bc6 25. Rd1 Bxb5 26. Rxd5 Qc6
27. Rd8 Rxd8 28. Bxd8 Qd6 29. Bg5 c4 30. Qc2 Bxb2 31. a4 Bc6 32. Qxc4 Qd1+
33. Qf1 Qxf1+ 34. Kxf1 Bxa4 35. Bd8 Bb5+ 36. Kg1 a4 37. Bxb6 a3 38. Bd4 Bxd4
39. Nxd4 Ba4 {White resigns} 0-1

[Event "ICC tourney 1944 (30 5)"]
[Site "Internet Chess Club"]
[Date "2020.08.01"]
[Round "2"]
[White "seaglass-chess"]
[Black "rthurc2"]
[Result "0-1"]
[ICCResult "White resigns"]
[WhiteElo "1335"]
[BlackElo "1590"]
[Opening "English, 1...Nf6 (Anglo-Indian defense)"]
[ECO "A15"]
[NIC "EO.64"]
[Time "13:32:32"]
[TimeControl "1800+5"]

1. c4 Nf6 2. g3 c6 3. Bg2 d5 4. b3 e5 5. d3 Bb4+ 6. Nd2 O-O 7. Bb2 Re8 8. e3
a5 9. a3 Bd6 10. Ne2 Bf5 11. Nf3 e4 12. dxe4 Bxe4 13. O-O dxc4 14. bxc4 Qe7
15. Qd2 Na6 16. Qxa5 Nc5 17. Qc3 Na4 18. Qd2 Nxb2 19. Qxb2 Bxa3 20. Qc3 Bc5
21. Nd2 Bxg2 22. Kxg2 Bb4 23. Qc2 Bxd2 24. Qxd2 Qe4+ 25. Kg1 Qxc4 26. Rab1
Ne4 27. Qe1 Re7 28. Rb4 Qe6 29. Nf4 Qf6 30. Qe2 Rd8 31. Qg4 Qg5 32. Qxg5
Nxg5 33. Rfb1 Rdd7 34. Ra1 g6 35. Ra5 Ne6 36. h4 Kg7 37. h5 b5 38. Ra6 g5
39. Nh3 Rc7 40. Rg4 Kh6 41. f4 Kxh5 42. Nf2 f5 {White resigns} 0-1

[Event "ICC tourney 1944 (30 5)"]
[Site "Internet Chess Club"]
[Date "2020.08.01"]
[Round "2"]
[White "ChessStar22"]
[Black "che2468"]
[Result "1-0"]
[ICCResult "Black checkmated"]
[WhiteElo "1362"]
[BlackElo "1321"]
[Opening "Queen's pawn game"]
[ECO "D00"]
[NIC "QP.08"]
[Time "13:32:01"]
[TimeControl "1800+5"]

1. d4 d5 2. e3 Bf5 3. c4 e6 4. Nc3 Nc6 5. a3 Nf6 6. Nf3 Bd6 7. cxd5 Nxd5 8.
Nxd5 exd5 9. Qb3 Rb8 10. Bb5 O-O 11. O-O Be4 12. Qd1 Ne7 13. Bd3 Nf5 14.
Bxe4 dxe4 15. Nd2 Qf6 16. Nxe4 Qe6 17. Nxd6 Qxd6 18. Qf3 Nh4 19. Qg3 Qd8 20.
b4 Re8 21. f3 Re6 22. Qe1 Nf5 23. Qc3 Qe7 24. e4 Nd6 25. d5 Rg6 26. Bf4 Rc8
27. Bxd6 Qxd6 28. Qc5 Qd7 29. Rac1 Qh3 30. Rf2 Qh4 31. Qxa7 Qf4 32. Rfc2 Rh6
33. h3 Rb6 34. Qxb6 Rf8 35. Qxc7 Qe3+ 36. Kh1 h6 37. Qd7 Qxa3 38. Rc8 Rxc8
39. Rxc8+ Kh7 40. Qf5+ g6 41. Qxf7# {Black checkmated} 1-0

[Event "ICC tourney 1944 (30 5)"]
[Site "Internet Chess Club"]
[Date "2020.08.01"]
[Round "2"]
[White "Vish1080"]
[Black "doudou2011"]
[Result "1-0"]
[ICCResult "Black checkmated"]
[WhiteElo "1605"]
[BlackElo "1523"]
[Opening "English opening"]
[ECO "A05"]
[NIC "EO.52"]
[Time "13:32:26"]
[TimeControl "1800+5"]

1. Nf3 Nf6 2. c4 g6 3. Nc3 d5 4. cxd5 Nxd5 5. e4 Nxc3 6. bxc3 Bg7 7. Bc4 c5
8. O-O O-O 9. Ba3 Nd7 10. d4 Qa5 11. Qb3 cxd4 12. Bxe7 Nc5 13. Qb5 Qxb5 14.
Bxb5 Nxe4 15. Bxf8 Kxf8 16. cxd4 Nd6 17. Ba4 Nf5 18. Rad1 a6 19. d5 b5 20.
d6 Nxd6 21. Rxd6 bxa4 22. Rd8+ Ke7 23. Rfd1 Ke6 24. Re8+ Kf6 25. Rd6+ Kf5
26. Rdd8 Rb8 27. Rxc8 Rb1+ 28. Re1 Rb2 29. Rc5+ Kf6 30. Rc6+ Kf5 31. h3 h5
32. g3 Rxa2 33. Rxa6 a3 34. Kg2 Bc3 35. Re3 Bb2 36. Ne1 Kg5 37. Nc2 Bc1 38.
Rc3 Bb2 39. Rb3 Bc1 40. Nxa3 Bb2 41. Ra5+ Kh6 42. Nc4 Rxa5 43. Nxa5 Bg7 44.
g4 hxg4 45. hxg4 Bd4 46. Kf3 f5 47. gxf5 gxf5 48. Rb5 Kg6 49. Nc6 Bf6 50.
Kf4 Bg5+ 51. Ke5 Bf6+ 52. Ke6 f4 53. Rf5 Bh4 54. Ne5+ Kh6 55. Rxf4 Bg5 56.
Nf7+ Kg6 57. Nxg5 Kxg5 58. Rf5+ Kg6 59. f4 Kg7 60. Rg5+ Kf8 61. f5 Ke8 62.
Rg8# {Black checkmated} 1-0

[Event "ICC tourney 1944 (30 5)"]
[Site "Internet Chess Club"]
[Date "2020.08.01"]
[Round "2"]
[White "wulovechess"]
[Black "Alejjandra"]
[Result "1-0"]
[ICCResult "Black resigns"]
[WhiteElo "1520"]
[BlackElo "1312"]
[Opening "Alekhine's defense"]
[ECO "B03"]
[NIC "AL.09"]
[Time "13:32:33"]
[TimeControl "1800+5"]

1. e4 Nf6 2. e5 Nd5 3. d4 d6 4. c3 Nc6 5. Nf3 Bg4 6. exd6 exd6 7. Be2 Be7 8.
h3 Bh5 9. O-O O-O 10. Qb3 Nb6 11. Bf4 Bf6 12. Nbd2 Re8 13. Rfe1 Ne7 14. Bb5
c6 15. Bd3 Qd7 16. Bg3 Ned5 17. c4 Nc7 18. Rxe8+ Rxe8 19. Ne4 Be7 20. c5
dxc5 21. dxc5 Bxf3 22. gxf3 Nbd5 23. Qxb7 a5 24. Nd6 Bxd6 25. cxd6 Nb4 26.
dxc7 Nxd3 27. Rd1 Nc5 28. Rxd7 Nxb7 29. Rd2 Rc8 30. Rd3 Kf8 31. Rb3
{Black resigns}
1-0

[Event "ICC tourney 1944 (30 5)"]
[Site "Internet Chess Club"]
[Date "2020.08.01"]
[Round "2"]
[White "Jeffchess"]
[Black "Liopleuradon15"]
[Result "1-0"]
[ICCResult "Black checkmated"]
[WhiteElo "1414"]
[BlackElo "1394"]
[Opening "Réti: Nimzovich-Larsen attack"]
[ECO "A06"]
[NIC "QP.09"]
[Time "13:31:59"]
[TimeControl "1800+5"]

1. Nf3 d5 2. b3 Nf6 3. Bb2 Bg4 4. e3 c5 5. c4 e6 6. Nc3 Nc6 7. cxd5 exd5 8.
d3 a6 9. e4 d4 10. Nb1 Bd6 11. Be2 O-O 12. h3 Bd7 13. Nbd2 b5 14. a4 Ne5 15.
Nxe5 Bxe5 16. Nf3 Bc7 17. O-O Ne8 18. Re1 f5 19. exf5 Bxf5 20. Bf1 Nf6 21.
Rc1 Rc8 22. Ne5 Qd6 23. f4 Nd5 24. Qc2 Ba5 25. g3 Bxe1 26. Rxe1 Ne3 27. Qf2
Nxf1 28. Qxf1 bxa4 29. g4 Be6 30. bxa4 Rb8 31. Bc1 Bb3 32. Qg2 Bxa4 33. Qa2+
Kh8 34. Qxa4 Rb7 35. Nc4 Rb4 36. Qe8 Qd8 37. Qe5 Qc8 38. Nd6 Qc7 39. Qe6
Rbb8 40. f5 Rf6 41. Qe8+ Rf8 42. Qe5 a5 43. Bg5 a4 44. Be7 a3 45. Nf7+ Kg8
46. Nh6+ gxh6 47. Qxc7 Rfc8 48. Qa7 Ra8 49. Qb6 a2 50. Qe6+ Kg7 51. Qf6+ Kg8
52. Qe6+ Kg7 53. Bf6+ Kf8 54. Qd7 a1=Q 55. Qg7# {Black checkmated} 1-0

[Event "ICC tourney 1944 (30 5)"]
[Site "Internet Chess Club"]
[Date "2020.08.01"]
[Round "2"]
[White "UltimateDL"]
[Black "AkshatSuresh"]
[Result "0-1"]
[ICCResult "White checkmated"]
[WhiteElo "1242"]
[BlackElo "1508"]
[Opening "Sicilian: Kan, Maróczy bind (Réti variation)"]
[ECO "B41"]
[NIC "SI.41"]
[Time "13:32:32"]
[TimeControl "1800+5"]

1. e4 c5 2. Nf3 e6 3. d4 cxd4 4. Nxd4 a6 5. c4 Nc6 6. Nc3 Qc7 7. Be3 Nf6 8.
Be2 Bb4 9. Qc2 Bxc3+ 10. Qxc3 Nxe4 11. Qc2 Nf6 12. O-O O-O 13. Rfd1 d5 14.
cxd5 Nxd5 15. Nxc6 Nxe3 16. fxe3 bxc6 17. Bf3 Bb7 18. Rac1 Rac8 19. Rd3 Rfd8
20. Rc3 Rd6 21. Kf2 Rcd8 22. Ke1 Rd2 23. Qxd2 Rxd2 24. Kxd2 Qxh2 25. Ke1 g6
26. Kf2 Qe5 27. R1c2 Qc7 28. Bxc6 Bxc6 29. Rxc6 Qa5 30. a3 Qe5 31. R6c5 Qd6
32. Rc6 Qd5 33. R6c5 Qd6 34. Rc6 Qe5 35. R6c5 Qf6+ 36. Ke2 h5 37. Rc6 Qf5
38. R6c5 Qg4+ 39. Kf2 h4 40. R5c4 Qg3+ 41. Kf1 Qxe3 42. Rxh4 Qd3+ 43. Re2 g5
44. Re4 Kf8 45. Re5 g4 46. Re3 Qd6 47. Re4 g3 48. R4e3 a5 49. Re5 Qc7 50. b4
Qc1+ 51. Re1 Qc4+ 52. R1e2 axb4 53. axb4 Qxb4 54. R5e3 Qd6 55. Rf3 Ke7 56.
Ree3 f5 57. Rxg3 f4 58. Rd3 Qb6 59. Rg7+ Kf6 60. Rgd7 Qb1+ 61. Ke2 Qc2+ 62.
Rd2 Qe4+ 63. Kf2 Qe3+ 64. Kf1 e5 65. R7d3 Qc5 66. Ke2 Ke6 67. Kf3 Kf5 68.
Rd5 Qe3# {White checkmated} 0-1

[Event "ICC tourney 1944 (30 5)"]
[Site "Internet Chess Club"]
[Date "2020.08.01"]
[Round "2"]
[White "Mapking1"]
[Black "ChemStud24"]
[Result "0-1"]
[ICCResult "White checkmated"]
[WhiteElo "1575"]
[BlackElo "1603"]
[Opening "Sicilian: Najdorf, Byrne (English) attack"]
[ECO "B90"]
[NIC "SI.14"]
[Time "13:31:58"]
[TimeControl "1800+5"]

1. e4 c5 2. Nf3 d6 3. d4 cxd4 4. Nxd4 Nf6 5. Nc3 a6 6. Be3 e5 7. Nb3 Be7 8.
f3 h5 9. Qd2 Be6 10. O-O-O Nbd7 11. Nd5 Nxd5 12. exd5 Bf5 13. Bd3 Bxd3 14.
Qxd3 Rc8 15. Kb1 Qc7 16. h3 b5 17. g4 Nb6 18. Qf5 Nc4 19. Bd2 a5 20. gxh5 a4
21. Na5 a3 22. Nc6 axb2 23. f4 Bf6 24. Rhe1 O-O 25. h6 exf4 26. hxg7 Na3#
{White checkmated}
0-1

[Event "ICC tourney 1944 (30 5)"]
[Site "Internet Chess Club"]
[Date "2020.08.01"]
[Round "2"]
[White "DrPatzenGambino"]
[Black "FlowingMelody"]
[Result "1-0"]
[ICCResult "Black resigns"]
[WhiteElo "1538"]
[BlackElo "1297"]
[Opening "Vienna gambit"]
[ECO "C25"]
[NIC "VG.04"]
[Time "13:32:07"]
[TimeControl "1800+5"]

1. e4 e5 2. Nc3 Nc6 3. f4 exf4 4. Nf3 Nf6 5. d4 Bb4 6. Bd3 d6 7. Bxf4 O-O 8.
a3 Bxc3+ 9. bxc3 Bg4 10. h3 Bh5 11. Bg5 h6 12. Bh4 Re8 13. Qd2 Nxe4 14. Bxe4
Rxe4+ 15. Kf1 Qd7 16. Qf2 Bxf3 17. gxf3 Ree8 18. Kg2 Qe6 19. Rag1 Qe2 20. f4
Qxf2+ 21. Kxf2 Re4 22. Kf3 Rae8 23. Re1 Rxe1 24. Bxe1 f5 25. Rg1 Kf7 26. d5
Na5 27. Bf2 Nc4 28. Kg3 Nd2 29. Bd4 g6 30. h4 Re2 31. Bxa7 b6 32. Bb8 Re7
33. a4 Ne4+ 34. Kf3 Nxc3 35. h5 gxh5 36. Ra1 Nxd5 37. a5 bxa5 38. Rxa5 Ne3
39. Ba7 Nxc2 40. Rxf5+ Kg6 41. Rf8 c5 42. Bb8 d5 43. Be5 Ne1+ 44. Kg3 h4+
45. Kg4 h5+ 46. Kh3 Nf3 47. f5+ Kg5 48. Bf6+ Kf4 49. Bxe7 Ng1+ 50. Kg2 Nf3
51. Bd6+ Kg5 52. f6 Ne1+ 53. Kf2 Nd3+ 54. Ke3 Ne1 55. Be7 Kf5 56. Rh8 Kg6
57. Rg8+ Kf7 58. Rg7+ Ke6 59. Bd8 Nc2+ 60. Kf4 Nd4 61. f7 Kd6 62. f8=Q+
{Black resigns}
1-0

[Event "ICC tourney 1944 (30 5)"]
[Site "Internet Chess Club"]
[Date "2020.08.01"]
[Round "2"]
[White "knighthawkmill"]
[Black "BobbyFissure"]
[Result "1/2-1/2"]
[ICCResult "Game drawn by mutual agreement"]
[WhiteElo "1685"]
[BlackElo "1437"]
[Opening "Grünfeld: Stockholm variation"]
[ECO "D80"]
[NIC "GI.03"]
[Time "13:32:32"]
[TimeControl "1800+5"]

1. d4 Nf6 2. c4 g6 3. Nc3 d5 4. Bg5 dxc4 5. Bxf6 exf6 6. e4 Bg7 7. Bxc4 O-O
8. Nge2 Nc6 9. O-O Na5 10. Bd3 Nc6 11. Bb5 Bd7 12. Rc1 Ne7 13. Bc4 Rb8 14.
a4 c6 15. Kh1 b5 16. axb5 cxb5 17. Bb3 a5 18. f4 a4 19. Ba2 b4 20. Nxa4 Bg4
21. Bb3 Bxe2 22. Qxe2 Qxd4 23. Rfd1 Qa7 24. h3 Nc8 25. Nc5 Nb6 26. Rc2 Rbd8
27. Rcd2 Rxd2 28. Rxd2 Qc7 29. Qf2 Bh6 30. g3 Rd8 31. Rc2 Qd6 32. Re2 Qd4
33. Kg2 Qxf2+ 34. Kxf2 Bf8 35. Na4 Nxa4 36. Bxa4 Bc5+ 37. Ke1 Rd3 38. Rg2 b3
39. Bc6 Bb4+ 40. Kf1 Rd1+ 41. Ke2 {Game drawn by mutual agreement} 1/2-1/2

[Event "ICC tourney 1944 (30 5)"]
[Site "Internet Chess Club"]
[Date "2020.08.01"]
[Round "2"]
[White "rpughiii"]
[Black "welmo"]
[Result "1-0"]
[ICCResult "Black checkmated"]
[WhiteElo "1314"]
[BlackElo "1283"]
[Opening "Réti: King's Indian attack (Barcza system)"]
[ECO "A07"]
[NIC "QP.09"]
[Time "13:32:32"]
[TimeControl "1800+5"]

1. Nf3 d5 2. g3 Nf6 3. Bg2 Nc6 4. O-O e5 5. d3 h6 6. Nbd2 Bd6 7. e4 dxe4 8.
dxe4 Be6 9. c3 O-O 10. Qe2 a6 11. Nc4 Bxc4 12. Qxc4 Re8 13. Nh4 Qe7 14. Nf5
Qe6 15. Qe2 Ne7 16. Bh3 Nxf5 17. Bxf5 Qe7 18. Be3 Bc5 19. Rad1 Bxe3 20. Qxe3
Red8 21. Rfe1 Kf8 22. f3 Kg8 23. h4 Ne8 24. Bh3 Nd6 25. Qc5 f6 26. Rd5 Kf8
27. Red1 Kf7 28. Qb4 Rab8 29. c4 Ra8 30. c5 Nb5 31. Rd7 Rxd7 32. Rxd7 Qxd7
33. Bxd7 Rd8 34. Qc4+ Kf8 35. Qe6 Nd4 36. Qg4 Kf7 37. h5 Kf8 38. Kf2 b6 39.
c6 a5 40. Qg6 b5 41. Qh7 Kf7 42. f4 a4 43. fxe5 fxe5 44. g4 Rf8 45. Kg3 Rd8
46. Qg6+ Kf8 47. g5 hxg5 48. h6 Ne2+ 49. Kg4 Nf4 50. Qxg7# {Black
checkmated} 1-0

[Event "ICC tourney 1944 (30 5)"]
[Site "Internet Chess Club"]
[Date "2020.08.01"]
[Round "2"]
[White "JadeTooth"]
[Black "sillytiger"]
[Result "1-0"]
[ICCResult "Black checkmated"]
[WhiteElo "1247"]
[BlackElo "1222"]
[Opening "Sicilian: closed"]
[ECO "B23"]
[NIC "SI.44"]
[Time "13:32:52"]
[TimeControl "1800+5"]

1. e4 c5 2. Nc3 d6 3. g3 Nf6 4. Bg2 Bd7 5. d3 Nc6 6. Nge2 e6 7. h3 Be7 8.
O-O O-O 9. Be3 Rc8 10. f4 Qb6 11. Rb1 Nb4 12. a3 Nc6 13. Qd2 Rfd8 14. g4 Be8
15. g5 Nh5 16. Bf3 f6 17. f5 exf5 18. exf5 Qc7 19. h4 Bf7 20. Kf2 d5 21. Nf4
d4 22. Bxh5 Bxh5 23. Nxh5 Qh2+ 24. Ke1 Qxh4+ 25. Bf2 Qxh5 26. Ne4 Ne5 27.
Qe2 Qxe2+ 28. Kxe2 fxg5 29. Rg1 h6 30. Bg3 Ng4 31. Kf3 Ne3 32. Rbc1 Nxf5 33.
Be5 Ne3 34. c3 g4+ 35. Ke2 dxc3 36. Kxe3 cxb2 37. Bxb2 Re8 38. Kf2 Bh4+ 39.
Ke2 c4 40. Kd1 cxd3 41. Rxc8 Rxc8 42. Rxg4 Rc2 43. Rxg7+ Kf8 44. Rxb7 Re2
45. Nc3 Rh2 46. Ne4 Re2 47. Bg7+ Ke8 48. Nd6+ Kd8 49. Bc3 Bg5 50. Ba5#
{Black checkmated}
1-0

[Event "ICC tourney 1944 (30 5)"]
[Site "Internet Chess Club"]
[Date "2020.08.01"]
[Round "2"]
[White "CoastalJourney"]
[Black "Mandyz"]
[Result "1/2-1/2"]
[ICCResult "Game drawn by repetition"]
[WhiteElo "1309"]
[BlackElo "1482"]
[Opening "English: symmetrical, Benoni formation"]
[ECO "A31"]
[NIC "EO.46"]
[Time "13:32:01"]
[TimeControl "1800+5"]

1. d4 Nf6 2. c4 c5 3. Nf3 cxd4 4. Nxd4 d6 5. Nc3 e6 6. Bg5 Be7 7. e3 O-O 8.
Be2 a6 9. O-O Nc6 10. Bf3 Ne5 11. Be2 Qc7 12. Bxf6 Bxf6 13. Ne4 Be7 14. b3
b6 15. Nf3 Bb7 16. Ned2 Bf6 17. Rc1 Rfd8 18. Nxe5 dxe5 19. Qc2 Rac8 20. Ne4
Bxe4 21. Qxe4 Rd2 22. Bd3 g6 23. Bb1 Rcd8 24. Qf3 Be7 25. Rcd1 Qd7 26. Rxd2
Qxd2 27. g3 a5 28. Qb7 Bc5 29. Qf3 Kg7 30. Qe4 f6 31. h4 Qd6 32. Bc2 f5 33.
Qf3 e4 34. Qe2 Qe5 35. Rd1 Rxd1+ 36. Bxd1 Qc3 37. Kg2 e5 38. Qc2 Qd3 39. Qe2
Kf6 40. Qc2 h6 41. Qe2 Ke6 42. Qc2 g5 43. hxg5 hxg5 44. Qe2 g4 45. Qc2 Qd8
46. Be2 Bd6 47. Qd2 Qa8 48. Qc2 Qd8 49. Qd2 Qa8 50. Qc2 Qd8 51. Qd2 Qa8 52.
Qc2 Qd8 53. Qd2 Qa8 {Game drawn by repetition} 1/2-1/2